 Dungeon Crawl Stone Soup version 0.17-a0-2027-gcac42c4 (webtiles) character file.

10596 tp1 the Cleaver (level 11, 0/63 HPs)
             Began as a Gargoyle Berserker on Oct 10, 2015.
             Was a High Priest of Trog.
             Slain by an orc knight
             ... wielding a +0 glaive
              (17 damage)
             ... in a bailey.
             The game lasted 01:06:21 (10622 turns).

tp1 the Cleaver (Gargoyle Berserker)               Turns: 10622, Time: 01:06:21

Health: 0/63       AC: 25    Str: 22    XL:     11   Next: 64%
Magic:  3/3        EV:  7    Int:  8    God:    Trog [*****.]
Gold:   711        SH:  0    Dex: 11    Spells: 0 memorised, 10 levels left

rFire  . . .     SeeInvis .     Q - +7 executioner's axe (antimagic)
rCold  . . .     Clarity  .     O - +0 plate armour
rNeg   + + .     SustAt   .     (no shield)
rPois  ∞         Gourm    .     (no helmet)
rElec  +         Spirit   .     K - +2 cloak
rCorr  .         Warding  +     x - +2 pair of gloves
rMut   .         Stasis   .     (no boots)
MR     .....                    E - amulet of warding
Stlth  ..........               (no ring)
                                b - ring of flight

@: not resistant to hostile enchantments, extremely unstealthy
A: negative energy resistance 1, electricity resistance, unbreathing,
petrification resistance, rot immunity, AC +7
a: Burn Spellbooks, Berserk, Trog's Hand, Brothers in Arms, Renounce Religion,
Evoke Flight


You were in a bailey.
You worshipped Trog.
Trog was extremely pleased with you.
You were not hungry.

You visited 2 branches of the dungeon, and saw 13 of its levels.
You also visited: Bailey.

You collected 855 gold pieces.
You spent 144 gold pieces at shops.

Inventory:

Hand Weapons
 z - a +3 dire flail of freezing
 Q - a +7 antimagic executioner's axe (weapon)
Armour
 l - a +1 pair of gloves of strength
 x - a +2 pair of gloves (worn)
 K - a +2 cloak (worn)
 O - a +0 plate armour (worn)
Jewellery
 b - a ring of flight (left hand)
 E - an amulet of warding (around neck)
Wands
 e - a wand of draining (10)
 v - a wand of magic darts (27)
 G - a wand of confusion (25)
 N - a wand of frost (22)
Scrolls
 d - 7 scrolls of identify
 h - 2 scrolls of blinking
 j - 3 scrolls of noise
 k - a scroll of fog
 m - 2 scrolls of enchant armour
 n - 2 scrolls of amnesia
 r - 6 scrolls of remove curse
 s - 2 scrolls of enchant weapon
 C - 4 scrolls of magic mapping
 D - a scroll of brand weapon {unknown}
 F - a scroll of random uselessness {unknown}
 H - a scroll of immolation {unknown}
 I - 3 scrolls of recharging {unknown}
 L - 2 scrolls of teleportation
 R - a scroll of vulnerability {unknown}
Potions
 a - a potion of brilliance
 f - a potion of lignification
 g - a potion of might {unknown}
 o - a potion of magic
 p - a potion of agility
 t - a potion of flight {unknown}
 w - a potion of ambrosia
 J - 4 potions of curing
 M - 3 potions of poison {unknown}
 T - a potion of invisibility
Books
 q - a book of Clouds

   Spells                             Type                      Level
   a - Mephitic Cloud                 Conjuration/Poison/Air       3
   b - Conjure Flame                  Conjuration/Fire             3
   c - Poisonous Cloud                Conjuration/Poison/Air       6
   d - Freezing Cloud                 Conjuration/Ice/Air          6
   e - Ring of Flames                 Charms/Fire                  7
   Trog disapproves of the use of such an item.
 P - a book of Death

   Spells                             Type                      Level
   a - Corpse Rot                     Necromancy                   2
   b - Sublimation of Blood           Necromancy                   2
   c - Agony                          Necromancy                   5
   d - Dispel Undead                  Necromancy                   5
   e - Excruciating Wounds            Charms/Necromancy            5
   f - Bolt of Draining               Conjuration/Necromancy       5
   Trog disapproves of the use of such an item.
Comestibles
 c - 7 bread rations
 i - 10 beef jerkies
 u - 3 chunks of flesh
 B - 6 meat rations


   Skills:
 - Level 5.0 Fighting
 + Level 14.1(14.6) Axes
 - Level 7.3(12.2) Maces & Flails
 - Level 4.0 Armour
 - Level 2.0 Dodging


You had 10 spell levels left.
You didn't know any spells.

Dungeon Overview and Level Annotations

Branches:
Dungeon (11/15)            Temple (0/1) D:7            Lair (0/8) D:11
    Orc (2/4) D:11

Altars:
Ashenzari
Cheibriados
Dithmenos
Fedhas
Kikubaaqudgha
Qazlal
Ru
Vehumet
Xom
Yredelemnul
Zin
The Shining One

Shops:
D:5 [   D:7 =[*   D:11 }


Innate Abilities, Weirdness & Mutations

You are resistant to torment.
Your stone body is resilient (AC +7).
You are immune to poison.
You resist negative energy.
You are resistant to electric shocks.
You can survive without breathing.
You are immune to petrification.
You are immune to rotting.


Message History

The orc goes into a battle-frenzy!
You slash the orc!
You kill the orc!
Trog accepts your kill.
Things that are here:
a spear; a scale mail
There is an open door here.
The orc shouts!
The orc warrior completely misses you.
The orc knight hits you from afar with a glaive.
The orc warrior hits you but does no damage.
The orc knight hits you but does no damage.
The orc knight hits you from afar with a glaive!
The orc knight hits you from afar with a trident.
The orc knight hits you from afar with a glaive.
The orc knight hits you but does no damage.
The orc warrior hits you from afar with a spear.
* * * LOW HITPOINT WARNING * * *
The orc knight hits you from afar with a glaive!
You die...

##### ##########)≈.# ##.$$
##.........##.....##.≈.# .##
##..§≈≈§§§≈..#+...##..≈.# ..##
#..≈≈.....≈§..##.##..≈≈.# ≈..#
..≈≈...⌠...≈≈o.#'#..≈≈.## ≈.o#
..≈§..⌠⌠⌠§.§≈..#'#..≈≈.∩# ..##
#..§§§§ooo§≈§.## ##..≈≈.# .##
+.§§≈§≈§≈§§.# ##..≈.# ##
#§.§.§§.@.# ##.≈.#
#############+###'#########.≈.#
....o....##.... ##)))....)..≈.#
≈≈≈≈≈≈≈≈oo##.∩.##.)≈≈≈≈≈≈≈≈≈≈.#
.......≈≈oo## ##..≈≈..........#
######..≈≈.o###..≈≈..##########
##..≈≈.....≈≈..##
##..≈≈≈≈≈≈≈..## ##.........##


You could see 2 orc knights, an orc warrior (frenzied) and an orc (frenzied).

Vanquished Creatures
  Snorg (Orc:2)
  The ghost of WildSam the Insei, a novice DsTm of Ru (D:8)
  Pikel (D:7)
  An ugly thing (D:11)
  A komodo dragon (D:10)
  A wraith (D:11)
  2 deep elf magi (D:10)
  A warg (Orc:1)
  4 hungry ghosts
  Menkaure (D:7)
  2 sky beasts
  A black bear (D:9)
  An ice beast (D:8)
  10 ogres
  10 orc warriors
  A wasp (D:4)
  An eye of draining (D:9)
  4 phantoms
  11 centaurs
  6 giant frogs
  A crocodile (D:10)
  A big kobold (D:10)
  3 scorpions
  6 killer bees (D:8)
  2 giant frog zombies
  3 crimson imps
  5 wights (D:6)
  10 orc priests
  6 hounds
  2 quasits (D:10)
  Crazy Yiuf (D:2)
  Ijyb (D:3)
  A giant frog skeleton (D:6)
  A centaur skeleton (D:6)
  Terence (D:2)
  2 iguanas
  18 orc wizards
  Natasha (twice) (D:2)
  6 worker ants
  2 hound zombies
  A worker ant zombie (D:6)
  12 gnolls
  11 adders
  7 worms
  An adder skeleton (D:4)
  An adder zombie (D:9)
  7 giant geckos
  87 orcs
  A ball python (D:3)
  7 bats
  4 giant cockroaches
  9 hobgoblins
  18 jackals
  A giant gecko skeleton (D:5)
  7 giant newts
  15 goblins
  11 kobolds
  7 quokkas
  A quokka skeleton (D:7)
  10 rats
  A butterfly (D:7)
354 creatures vanquished.

Vanquished Creatures (others)
  A centaur (D:11)
  An orc (D:7)
  A plant (D:11)
3 creatures vanquished.

Grand Total: 357 creatures vanquished

Notes
Turn   | Place    | Note
--------------------------------------------------------------
     0 | D:1      | tp1 the Gargoyle Berserker began the quest for the Orb.
     0 | D:1      | Reached XP level 1. HP: 14/14 MP: 1/1
   120 | D:1      | Reached XP level 2. HP: 12/19 MP: 2/2
   462 | D:1      | Reached XP level 3. HP: 8/23 MP: 3/3
   463 | D:1      | Acquired Trog's second power
   679 | D:1      | Reached skill level 4 in Armour
  1099 | D:2      | Reached XP level 4. HP: 24/28 MP: 4/4
  1150 | D:2      | Found a snail-covered altar of Cheibriados.
  1151 | D:2      | Found a radiant altar of Vehumet.
  1151 | D:2      | Found a shattered altar of Ashenzari.
  1153 | D:2      | Found a glowing silver altar of Zin.
  1157 | D:2      | Found a shimmering altar of Xom.
  1182 | D:2      | Found a glowing golden altar of the Shining One.
  1307 | D:2      | Found a basalt altar of Yredelemnul.
  1308 | D:2      | Found a sacrificial altar of Ru.
  1348 | D:2      | Noticed Natasha
  1357 | D:2      | Killed Natasha
  1442 | D:2      | Reached XP level 5. HP: 32/32 MP: 5/5
  1526 | D:2      | Noticed Terence
  1533 | D:2      | Killed Terence
  1855 | D:2      | Noticed Natasha
  1864 | D:2      | Killed Natasha
  2146 | D:2      | Noticed Crazy Yiuf
  2155 | D:2      | Killed Crazy Yiuf
  2417 | D:3      | Reached skill level 5 in Fighting
  2417 | D:3      | Reached XP level 6. HP: 27/40 MP: 6/6
  2444 | D:3      | Noticed Ijyb
  2457 | D:3      | Killed Ijyb
  2984 | D:4      | Reached skill level 5 in Maces & Flails
  3146 | D:4      | Reached XP level 7. HP: 35/44 MP: 7/7
  3215 | D:4      | Reached skill level 6 in Maces & Flails
  3538 | D:4      | Acquired Trog's third power
  3768 | D:5      | Entered Level 5 of the Dungeon
  3855 | D:5      | Reached skill level 7 in Maces & Flails
  4142 | D:5      | Reached skill level 1 in Axes
  4167 | D:5      | Reached XP level 8. HP: 32/49 MP: 8/8
  4238 | D:5      | Found a stormy altar of Qazlal.
  4478 | D:5      | Found an ancient bone altar of Kikubaaqudgha.
  4478 | D:5      | Found a blossoming altar of Fedhas.
  4617 | D:5      | Found Roeh's Antique Armour Boutique.
  4622 | D:5      | Bought a pair of runed gloves for 144 gold pieces
  4838 | D:6      | Reached skill level 5 in Axes
  5064 | D:6      | Reached XP level 9. HP: 22/54 MP: 9/9
  5827 | D:7      | Found a staircase to the Ecumenical Temple.
  5875 | D:7      | Noticed Menkaure
  5885 | D:7      | Killed Menkaure
  5960 | D:7      | Reached skill level 8 in Axes
  6100 | D:7      | Found Kofuesuc's Antique Armour Emporium.
  6101 | D:7      | Found Tyorr's Assorted Antiques.
  6172 | D:7      | Found Difoli's Jewellery Emporium.
  6173 | D:7      | Noticed Pikel
  6179 | D:7      | Killed Pikel
  6179 | D:7      | Reached skill level 9 in Axes
  6775 | D:8      | Reached skill level 10 in Axes
  6775 | D:8      | Reached XP level 10. HP: 59/59 MP: 10/10
  6790 | D:8      | Found a shadowy altar of Dithmenos.
  7009 | D:8      | Noticed WildSam's ghost (novice DsTm)
  7027 | D:8      | Killed WildSam's ghost
  7027 | D:8      | Reached skill level 11 in Axes
  7944 | D:10     | Entered Level 10 of the Dungeon
  8036 | D:10     | Reached skill level 12 in Axes
  8375 | D:10     | You fall through a shaft!
  8537 | D:11     | Found a staircase to the Lair.
  8542 | D:11     | Noticed a purple ugly thing
  8566 | D:10     | Reached XP level 11. HP: 63/63 MP: 11/11
  9214 | D:11     | Reached skill level 13 in Axes
  9377 | D:11     | Killed a purple ugly thing
  9382 | D:11     | Found Dyiniluc's Gadget Boutique.
  9575 | D:11     | Found a staircase to the Orcish Mines.
  9595 | Orc:1    | Entered Level 1 of the Orcish Mines
  9619 | Orc:1    | Received a gift from Trog
  9902 | Orc:2    | Noticed Snorg
  9927 | Orc:2    | Killed Snorg
 10238 | Orc:2    | Reached skill level 14 in Axes
 10276 | Orc:2    | Found a flagged portal.
 10299 | Bailey   | Entered a bailey
 10491 | Bailey   | Noticed an orc knight
 10491 | Bailey   | Noticed an orc knight
 10622 | Bailey   | Slain by an orc knight

Vault maps used:
D:1:      mrwooster_arrival_statue_2
D:2:      kennysheep_six_static_rooms, grunt_temple_overflow_open, first_bread,
          uniq_crazy_yiuf_cottage, uniq_natasha, uniq_terence
D:3:      dk_noncrumbling_3, uniq_iyjb
D:5:      grunt_temple_overflow_growth_and_decay, lemuel_doored_altar,
          serial_shops, kennysheep_little_box
D:7:      minmay_temple_entry_butterflies, serial_shops, shop,
          nicolae_shop_statue_plus, nicolae_shop_stone, grunt_ogre_cave,
          uniq_pikel, uniq_menkaure
D:8:      grunt_dithmenos_smoke_and_mirrors
D:9:      grunt_ministairs_15
D:11:     wad_woods_pond, lair_0_dummy, serial_shops, kennysheep_mini,
          nicolae_shop_trees, nicolae_shop_crystal
Orc:2:    enter_bailey_3, trog_book, uniq_snorg
Bailey:   bailey_polearm_1, bailey

Action                   |  1- 3 |  4- 6 |  7- 9 | 10-12 || total
-------------------------+-------+-------+-------+-------++-------
Melee: Mace              |   144 |   154 |       |       ||   298
       Flail             |       |   107 |   166 |       ||   273
       Hand axe          |       |       |    73 |       ||    73
       Battleaxe         |       |       |   113 |   338 ||   451
       War axe           |       |       |    16 |       ||    16
       Executioner's axe |       |       |       |    88 ||    88
Invok: Berserk           |     2 |     3 |     9 |     9 ||    23
       Trog's Hand       |       |     1 |     6 |     3 ||    10
       Brothers in Arms  |       |       |       |     1 ||     1
  Use: Scroll            |       |     3 |     5 |     6 ||    14
       Potion            |       |       |    10 |       ||    10
  Eat: Chunk             |     3 |    10 |    22 |    21 ||    56
       Bread ration      |       |       |     1 |     4 ||     5
